 Dungeon Crawl Stone Soup version 0.19.1 (webtiles) character file.

67 NoWolfie the Firebug (level 4, -4/30 HPs)
             Began as a Human Fire Elementalist on Nov 28, 2016.
             Slain by a worker ant (7 damage)
             ... on level 4 of the Dungeon.
             The game lasted 00:20:54 (2034 turns).

NoWolfie the Firebug (Human Fire Elementalist)      Turns: 2034, Time: 00:20:55

Health: -4/30      AC:  2    Str:  8    XL:     4   Next: 38%
Magic:  3/7        EV: 13    Int: 17    God:
Gold:   74         SH:  0    Dex: 13    Spells: 2 memorised, 4 levels left

rFire  . . .     SeeInvis .     e - +0 short sword
rCold  . . .     Gourm    .     a - +0 robe
rNeg   . . .     Faith    .     (no shield)
rPois  .         Spirit   .     (no helmet)
rElec  .         Reflect  .     (no cloak)
rCorr  .         Harm     .     (no gloves)
MR     .....                    (no boots)
Stlth  ++........               d - amulet of regeneration
                                (no ring)
                                (no ring)

@: very slightly contaminated
A: no striking features
a: no special abilities


You were on level 4 of the Dungeon.
You were not hungry.

You visited 1 branch of the dungeon, and saw 4 of its levels.

You collected 74 gold pieces.

Inventory:

Hand Weapons
 e - a +0 short sword (weapon)
Armour
 a - a +0 robe (worn)
Jewellery
 d - an amulet of regeneration (around neck)
Scrolls
 h - a scroll of amnesia {unknown}
 i - a scroll of remove curse {unknown}
 j - 2 scrolls of identify {unknown}
 l - a scroll of teleportation {unknown}
Potions
 f - 2 potions of curing
Books
 b - a book of Flames

   Spells                             Type                      Level
   a - Flame Tongue                   Conjuration/Fire             1
   b - Throw Flame                    Conjuration/Fire             2
   c - Conjure Flame                  Conjuration/Fire             3
   d - Inner Flame                    Hexes/Fire                   3
   e - Sticky Flame                   Conjuration/Fire             4
   f - Fireball                       Conjuration/Fire             5
Comestibles
 c - 2 bread rations
 g - a meat ration
 k - a royal jelly


   Skills:
 + Level 2.6 Dodging
 + Level 2.8 Stealth
 + Level 2.2 Spellcasting
 + Level 1.9 Conjurations
 + Level 3.5 Fire Magic


You had 4 spell levels left.
You knew the following spells:

 Your Spells              Type           Power        Failure   Level  Hunger
a - Flame Tongue          Conj/Fire      ##...        10%         1    #......
b - Throw Flame           Conj/Fire      ##....       12%         2    ###....


Dungeon Overview and Level Annotations

Branches:
Dungeon (4/15)
 Temple: D:4-7

Altars:
Qazlal


Message History

Casting: Flame Tongue
Confirm with . or Enter, or press ? or * to list all spells.
Aiming: Flame Tongue
Press: ? - help, Shift-Dir - straight line, f/p - worker ant
Aim: a worker ant (severely wounded)
You miscast Flame Tongue.
You are very lightly contaminated with residual magic.
You hear a sizzling sound.
The orc shouts!
You hit the worker ant.
The worker ant is severely wounded.
The worker ant bites you.
You hit the worker ant.
The worker ant is almost dead.
The worker ant bites you!
* * * LOW HITPOINT WARNING * * *
The orc hits the plant but does no damage.
The worker ant bites you.
* * * LOW HITPOINT WARNING * * *
The worker ant bites you!
You die...

.#### # #≈)P≈#.#.#
.≈≈PPP≈..#
##########≈≈PPPP≈P###
..........P≈≈≈♣≈P.≈P###
###########.≈P≈≈≈♣PP.≈##
.......... P≈PP≈≈♣≈≈P.P
##...##########PPPP♣ ≈≈P
.o..[......oo...@≈P♣≈≈♣
##...##########aP.PP♣
#...o....#


#oPPP♣♣ ########.#####o.P≈≈♣♣ #.#≈.P≈≈≈♣≈≈≈PP≈ #.o.≈≈≈≈≈≈≈≈PP.P #.≈≈≈♣P≈PP..P###
#.PPP≈PP.P.### #............. You could see a worker ant and 4 orcs.

Vanquished Creatures
  2 adders
  A worm (D:2)
  2 dart slugs (D:1)
  A leopard gecko (D:1)
  An orc (D:3)
  A ball python (D:4)
  3 giant cockroaches
  6 goblins
  2 hobgoblins (D:1)
  4 jackals (D:1)
  4 kobolds (D:1)
  A quokka (D:4)
  5 bats (D:1)
  A frilled lizard (D:3)
  4 rats (D:1)
38 creatures vanquished.

Vanquished Creatures (others)
  3 plants (D:4)
3 creatures vanquished.

Grand Total: 41 creatures vanquished

Notes
Turn   | Place    | Note
-------+----------+-------------------------------------------
     0 | D:1      | NoWolfie the Human Fire Elementalist began the quest for the Orb.
     0 | D:1      | Reached XP level 1. HP: 13/13 MP: 3/3
   199 | D:1      | Reached XP level 2. HP: 15/19 MP: 0/5
   626 | D:1      | Reached XP level 3. HP: 24/24 MP: 6/6
   808 | D:1      | Learned a level 2 spell: Throw Flame
  1199 | D:2      | Reached XP level 4. HP: 17/30 MP: 1/7
  1331 | D:3      | Found a stormy altar of Qazlal.
  2034 | D:4      | Slain by a worker ant

Action                   |  1- 3 |  4- 6 || total
-------------------------+-------+-------++-------
Melee: Short sword       |    54 |    20 ||    74
       Unarmed           |    11 |       ||    11
 Cast: Flame Tongue      |    34 |     1 ||    35
       Throw Flame       |    10 |     6 ||    16
  Use: Potion            |       |     1 ||     1
  Eat: Chunk             |     2 |     3 ||     5
Armor: Robe              |    23 |     7 ||    30
Dodge: Dodged            |    65 |    12 ||    77
